 Dungeon Crawl Stone Soup version 0.30-b1-5-g8e6c1be481 (webtiles) character file.

Game seed: 9178603961272360289

53 GloriousHammer the Sneak (level 4, 0/24 HPs)
             Began as a Kobold Enchanter on May 4, 2023.
             Constricted to death by Jessica (2 damage)
             ... on level 2 of the Dungeon.
             The game lasted 00:04:26 (1844 turns).

GloriousHammer the Sneak (Kobold Enchanter)         Turns: 1844, Time: 00:04:26

Health: 0/24       AC:  2    Str:  5    XL:     4   Next: 11%
Magic:  0/8        EV: 12    Int: 18    God:
Gold:   69         SH:  0    Dex: 15    Spells: 0/8 levels left

rFire   . . .        k - +1 dagger (vamp)
rCold   . . .        (no shield)
rNeg    . . .        b - +0 robe
rPois   .            (no helmet)
rElec   .            (no cloak)
rCorr   .            (no gloves)
SInv    .            (no boots)
Will    .....        (no amulet)
Stlth   ++++         (no ring)
HPRegen 0.24/turn    (no ring)
MPRegen 0.11/turn

%: no passive effects
@: grasped by roots, constricted
A: small, no large weapons, nightstalker 3
a: no special abilities


You were on level 2 of the Dungeon.
You visited 1 branch of the dungeon, and saw 2 of its levels.

You collected 69 gold pieces.

Inventory:

Hand Weapons
 a - a +0 rapier
 k - a +1 vampiric dagger (weapon)
Missiles
 m - 5 poisoned darts (quivered)
Armour
 b - a +0 robe (worn)
Jewellery
 v - a ring of see invisible
Scrolls
 e - 2 scrolls of identify {unknown}
 f - 2 scrolls of vulnerability {unknown}
 g - 2 scrolls of enchant weapon {unknown}
 l - 2 scrolls of poison {unknown}
 p - 3 scrolls of brand weapon {unknown}
Potions
 c - 2 potions of invisibility
 d - a potion of haste {unknown}
 h - 2 potions of magic {unknown}
 i - 2 potions of berserk rage {unknown}
 j - a potion of lignification {unknown}
 n - a potion of degeneration {unknown}
 o - a potion of might {unknown}
 q - a potion of curing {unknown}


   Skills:
 + Level 2.6 Short Blades
 - Level 2.4 Dodging
 + Level 4.8 Stealth
 + Level 2.7 Spellcasting
 + Level 3.4 Hexes


You couldn't memorise any spells.
You knew the following spells:

 Your Spells              Type           Power      Damage    Failure   Level
a - Confusing Touch       Hex            14%        N/A       12%         3
b - Tukima's Dance        Hex            14%        N/A       12%         3
c - Ensorcelled Hibernat  Hex/Ice        16%        N/A       12%         2

Your spell library contained the following spells:

 Spells                   Type           Power      Damage    Failure   Level
 Summon Small Mammal      Summ           8%         N/A       17%         1
 Dazzling Flash           Conj/Hex       16%        N/A       24%         3
 Summon Guardian Golem    Hex/Summ       8%         N/A       24%         3
 Call Canine Familiar     Summ           2%         N/A       45%         3


Dungeon Overview and Level Annotations

Branches:
Dungeon (2/15)

Altars:

Annotations:
D:2 Jessica


Innate Abilities, Weirdness & Mutations

You are small and have problems with some larger weapons.
You are completely attuned to the shadows.


Message History

o - a fuming emerald potion
Found a dagger.
You now have 45 gold pieces (gained 14).
You open the door.
There is an open door here.
Found a rapier.
p - 3 scrolls labelled EMIOBR ASCHEWYI You see here a +0 rapier.
Found a stone staircase leading up.
g - 2 scrolls labelled GEDUV XIRE (gained 1)
You now have 58 gold pieces (gained 13).
q - a fuming white potion A bat comes into view.
A bat is nearby!
The bat hits you but does no damage. The bat misses you.
The bat hits you but does no damage.
You hit the bat but do no damage. The bat closely misses you.
The bat misses you. The bat hits you but does no damage.
You closely miss the bat. The bat closely misses you.
The bat hits you but does no damage. The bat barely misses you.
The bat hits you but does no damage.
You miss the bat. The bat misses you. The bat barely misses you.
The bat completely misses you.
You hit the bat.
You kill the bat!
A kobold comes into view. It is wielding a +0 short sword.
A kobold is nearby!
The helpless kobold fails to defend itself.
You impale the kobold!!
You kill the kobold!
Things that are here:
a +0 short sword; a kobold corpse
Found a stone staircase leading down.
There is a stone staircase leading down here.
There is a stone staircase leading down here.
You see here a +0 short sword.
There is a stone staircase leading up here.
A goblin comes into view. It is wielding a +0 club.
A ball python comes into view.
The goblin shouts!
The ball python hisses angrily.
The goblin closely misses you.
You hit the goblin.
The goblin is heavily wounded.
The goblin closely misses you.
You closely miss the goblin.
The goblin is heavily wounded.
The ball python closely misses you. The ball python completely misses you.
The goblin hits you with a +0 club. The ball python closely misses you. x2
Casting: Confusing Touch (extremely dangerous; 12% risk of failure)
Confirm with . or Enter, or press ? or * to list all spells.
Your hands begin to glow red.
The ball python misses you. The ball python grabs you.
The ball python constricts you.
Casting: Confusing Touch (extremely dangerous; 12% risk of failure)
Confirm with . or Enter, or press ? or * to list all spells.
Your hands begin to glow brighter.
The ball python closely misses you. The ball python constricts you.
You hit the ball python but do no damage.
The ball python appears confused.
The ball python barely misses you.
The ball python bites itself.
The ball python constricts you.
You barely miss the ball python.
The ball python is heavily wounded.
You barely miss the ball python.
The ball python is heavily wounded.
The ball python bites you.
The ball python bites itself.
The ball python is killed!
You have reached level 4!
You barely miss the goblin.
The goblin is heavily wounded.
The goblin misses you.
You barely miss the goblin.
The goblin is heavily wounded.
The goblin hits you but does no damage.
You hit the goblin.
You feel better.
The goblin is severely wounded.
The goblin hits you but does no damage.
You hit the goblin.
You feel better.
You kill the goblin!
Things that are here:
a +0 club; a goblin corpse; a ball python corpse
Casting: Confusing Touch (quite dangerous; 12% risk of failure)
Confirm with . or Enter, or press ? or * to list all spells.
Okay, then.
Memorise Ensorcelled Hibernation, consuming 2 spell levels and leaving 0?
You start memorising the spell.
You continue memorising. x2
You finish memorising.
Spell assigned to 'c'.
You open the door.
Found 4 stones.
There is an open door here.
Found 11 gold pieces, a whip and a scroll labelled OCUACR PEAHUF.
A ball python comes into view.
A bat comes into view.
The helpless ball python fails to defend itself.
You impale the ball python!!
You kill the ball python!
The helpless bat fails to defend itself.
You impale the bat!!
You kill the bat!
You see here 4 stones.
You now have 69 gold pieces (gained 11).
l - 2 scrolls labelled OCUACR PEAHUF (gained 1)
There is an open door here.
Things that are here:
a +0 club; a goblin corpse; a ball python corpse A ball python comes into view.
A ball python is nearby!
The ball python hisses angrily.
You hear a shout!
The ball python misses you. x2; The ball python barely misses you.
The ball python completely misses you.
You closely miss the ball python. The ball python completely misses you.
The ball python misses you.
You barely miss the ball python. The ball python closely misses you.
The ball python barely misses you.
Casting: Confusing Touch (quite dangerous; 12% risk of failure)
Confirm with . or Enter, or press ? or * to list all spells.
Aiming: Ensorcelled Hibernation (safe; 13% risk of failure)
Press: ? - help, Shift-Dir - straight line, f - ball python
Aim: a ball python (chance to affect: 59%)
The ball python resists with significant effort.
The ball python closely misses you. The ball python barely misses you.
Casting: Ensorcelled Hibernation (safe; 13% risk of failure)
Confirm with . or Enter, or press ? or * to list all spells.
Aiming: Ensorcelled Hibernation (safe; 13% risk of failure)
Press: ? - help, Shift-Dir - straight line, f/p - ball python
Aim: a ball python (chance to affect: 59%)
The ball python looks drowsy...
The helpless ball python fails to defend itself.
You impale the ball python!!
You kill the ball python!
You see here a ball python corpse.
You start resting.
A rat comes into view.
You hit the rat but do no damage. The rat closely misses you.
You hit the rat but do no damage. The rat bites you.
You hit the rat.
You feel better.
The rat is moderately wounded.
Jessica the Apprentice Sorceress comes into view.
She is wielding a +2 dagger of electrocution and carrying a wand of roots (2).
The rat barely misses you.
You barely miss the rat.
The rat is moderately wounded.
The rat barely misses you.
Jessica shouts!
You hit the rat.
You kill the rat!
Jessica zaps a wand.
The roots erupt in riotous growth!
The grasping roots grab you! The grasping roots constrict you.
You hear a shout!
Casting: Ensorcelled Hibernation (safe; 12% risk of failure)
Confirm with . or Enter, or press ? or * to list all spells.
Aiming: Ensorcelled Hibernation (safe; 12% risk of failure)
Press: ? - help, Shift-Dir - straight line, f - Jessica
Aim: Jessica, wielding a +2 dagger of electrocution, wearing a +0 robe and carrying a wand of roots (1) (chance to affect: 50%) Jessica resists with some effort.
The grasping roots constrict you.
Casting: Ensorcelled Hibernation (safe; 12% risk of failure)
Confirm with . or Enter, or press ? or * to list all spells.
Aiming: Ensorcelled Hibernation (safe; 12% risk of failure)
Press: ? - help, Shift-Dir - straight line, f/p - Jessica
Aim: Jessica, wielding a +2 dagger of electrocution, wearing a +0 robe and carrying a wand of roots (1) (chance to affect: 50%) Jessica resists with some effort.
The grasping roots constrict you.
Casting: Ensorcelled Hibernation (safe; 12% risk of failure)
Confirm with . or Enter, or press ? or * to list all spells.
You don't have enough magic to cast this spell.
Unknown command.
You closely miss Jessica.
The grasping roots release their grip on you.
Unknown command.
You closely miss Jessica.
Jessica hits you with a +2 dagger of electrocution.
You hit Jessica.
You feel better.
Jessica is moderately wounded.
Jessica looks very angry.
Jessica barely misses you.
You aren't carrying any items that you can evoke.
You barely miss Jessica.
Jessica is moderately wounded.
Jessica closely misses you.
You hit Jessica but do no damage.
Jessica is moderately wounded.
Jessica zaps a wand.
The roots erupt in riotous growth!
The grasping roots grab you!
Jessica is unaffected.
The now-empty wand crumbles to dust.
The grasping roots constrict you.
You hit Jessica but do no damage.
Jessica is moderately wounded.
Jessica casts a spell at you. Pain shoots through your body!
* * * LOW HITPOINT WARNING * * *
The grasping roots constrict you.
* * * LOW HITPOINT WARNING * * *
Casting: Ensorcelled Hibernation (safe; 12% risk of failure)
Confirm with . or Enter, or press ? or * to list all spells.
Aiming: Ensorcelled Hibernation (safe; 12% risk of failure)
Press: ? - help, Shift-Dir - straight line, f/p - Jessica
Aim: Jessica, wielding a +2 dagger of electrocution and wearing a +0 robe (moderately wounded, chance to affect: 50%) Jessica resists with some effort.
Jessica hits you but does no damage. The grasping roots constrict you.
You die...

# # ##...#. # ##
#...... #
...#....#.. #
...#....#.. #
....@@..... #
..........# ####
..........# #...
...#.#†##### ###...
...#.#.....# #[....
..
#.#####.######.#..÷
...............+...
####.######.#...
.........[......


You could see Jessica.

Vanquished Creatures
  A worm (D:2)
  A dart slug (D:1)
  4 bats
  2 giant cockroaches (D:1)
  5 goblins
  4 hobgoblins (D:1)
  4 jackals (D:2)
  4 quokkas
  6 ball pythons
  6 kobolds
  4 rats
41 creatures vanquished.

Notes
Turn   | Place    | Note
-------+----------+-------------------------------------------
     0 | D:1      | GloriousHammer the Kobold Enchanter began the quest for the
                  | Orb.
     0 | D:1      | Reached XP level 1. HP: 10/10 MP: 3/3
    87 | D:1      | Reached XP level 2. HP: 9/15 MP: 5/5
   438 | D:1      | Reached XP level 3. HP: 19/19 MP: 6/6
   453 | D:1      | Learned a level 3 spell: Confusing Touch
   457 | D:1      | Learned a level 3 spell: Tukima's Dance
  1721 | D:2      | Reached XP level 4. HP: 19/24 MP: 1/8
  1738 | D:2      | Learned a level 2 spell: Ensorcelled Hibernation
  1833 | D:2      | Noticed Jessica
  1844 | D:2      | Constricted to death by Jessica

Illustrated notes

Levels and vault maps discovered:
D:1:      heliophobic_arrival_battle_scene, layout_basic,
          nicolae_kite_square_tiling_tiny
D:2:      minmay_wonky_spiral, layout_basic, uniq_jessica

Skill      XL: |  1  2 |
---------------+-------+-----
Short Blades   | 2 |  2.6
Dodging        | |  2.4
Stealth        | |  4.8
Spellcasting   | |  2.7
Hexes          | |  3.4

Action                     |  1- 3 |  4- 6 || total
---------------------------+-------+-------++-------
  Melee: Dagger            |    97 |    20 ||   117
         Punch             |     1 |       ||     1
   Cast: Confusing Touch   |     4 |       ||     4
         Ensorcelled Hiber |       |     5 ||     5
   Stab: Sleeping          |    24 |     3 ||    27
         Confused          |     2 |       ||     2
 Armour: Robe              |    10 |     3 ||    13
  Dodge: Dodged            |    57 |    16 ||    73
